Unix NetHack Version 5.0.0-0 post-release - last build Jun 10 2026 00:39:30 (3ee93aec679c4c4259841fe613dc97188e26a321,branch:main).

Game began 2026-06-16 20:51:18, ended 2026-06-16 22:24:13.

CyberFan, chaotic male human Monk

                                                                  ---------
    --------                                ------------         #........|
    |......|            -----+-------       |..........|         #|.......|
    |......|            |....`{......|      |..........|         #----|----
    |....(..#           |..........>..#     |..........|         ##   #
    --------#           ---------.----#     +..........%#         #   #
            #                    %    #     ------------#         #   ##
            #                  ###   ##     ##          %         ##   #
            #                  #     #       #         ##          #   ##
            #               ####     #       #        ##           ##   #
            #              ##      ###      %####%########          #   #
            ###          ###       #---------#        #  #################
              #         ##         #|..)....|#        #             #
              ##--------.----      #....{...-#%      #######        #
               #|...........|       |.......|         ----%.-----.--#
               #............|       |...%...|         |..v.......%.-#
                |...........|       ---------         |......%%[.$%|
                -------------                         |.%.......[$$|
                                                      --------------

CyberFan the Student of Stones  St:18 Dx:13 Co:16 In:8 Wi:18 Ch:8  Chaotic
Dlvl:11 $:1860 HP:0(83) Pw:65(65) AC:-3 Xp:10/6942 T:8436 

Latest messages:
 You see here a wand of lightning.
 The ice vortex touches you!
 You avoid harm.
 The ice vortex engulfs you!
 You are freezing to death!
 You are freezing to death!
 You get expelled!
 You see here a wand of lightning.
 The ice vortex touches you!
 You avoid harm.
 The ice vortex touches you!
 You're covered in frost!
 The ice vortex engulfs you!
 You are freezing to death!
 You are freezing to death!
 You are freezing to death!
 You hear a jackal howling at the moon.
 You are freezing to death!
 You get expelled!
 You see here a wand of lightning.
 The ice vortex just misses!
 The ice vortex misses!
 The ice vortex engulfs you!
 You are freezing to death!
 You are freezing to death!
 You are freezing to death!
 You get expelled!
 You see here a wand of lightning.
 The ice vortex touches you!
 You're covered in frost!
 The ice vortex touches you!
 You're covered in frost!
 Your potion of healing freezes and shatters!
 The ice vortex engulfs you!
 You are freezing to death!
 You are freezing to death!
 You are freezing to death!
 You are freezing to death!
 You get expelled!
 You see here a wand of lightning.
 The ice vortex just misses!
 The ice vortex engulfs you!
 You are freezing to death!
 You are freezing to death!
 You get expelled!
 You see here a wand of lightning.
 The ice vortex engulfs you!
 You are freezing to death!
 You are freezing to death!
 You die...

Inventory:
 Coins    ('$')
  $ - 1860 gold pieces
 Armor    ('[')
  W - an uncursed +0 dwarvish iron helm (being worn)
  a - an uncursed +2 pair of leather gloves (being worn)
  D - a blessed +2 pair of speed boots (being worn)
  X - a cursed -3 elven cloak
  r - a cursed -1 mummy wrapping
  b - an uncursed +3 robe (being worn)
 Comestibles  ('%')
  E - 2 uncursed jackfruits
  g - 6 uncursed apples
  n - 2 uncursed cram rations
  O - 7 uncursed food rations
  q - 5 uncursed oranges
 Rings    ('=')
  N - a cursed ring of aggravate monster
  p - a cursed ring of free action
  u - an uncursed ring of levitation
 Wands    ('/')
  e - an uncursed wand of create monster (0:14)
  T - an uncursed wand of digging (0:5)
  j - an uncursed wand of light (0:13)
  S - an uncursed wand of locking (0:3)
  t - an uncursed wand of probing (0:6)
  l - an uncursed wand of slow monster (0:7)
  Q - an uncursed wand of stasis (0:3)
  G - a cursed wand of undead turning (0:5)
 Tools    ('(')
  K - an uncursed bag of holding containing 17 items
  R - an uncursed blindfold
  k - an uncursed magic marker (0:4)
  m - an uncursed oil lamp
  f - an uncursed +0 unicorn horn
 Gems/Stones  ('*')
  U - 2 uncursed garnet stones
  V - an uncursed jacinth stone
  v - an uncursed worthless piece of black glass
  z - an uncursed worthless piece of blue glass
  B - a cursed worthless piece of blue glass
  Y - an uncursed worthless piece of red glass

Contents of the bag of holding:
  an uncursed scroll of confuse monster
  an uncursed scroll of create monster
  an uncursed scroll of destroy armor
  a cursed scroll of destroy armor
  an uncursed scroll of earth
  a cursed scroll of earth
  an uncursed scroll of enchant weapon
  an uncursed scroll of food detection
  an uncursed scroll of gold detection
  an uncursed scroll of identify
  an uncursed scroll of light
  a cursed scroll of light
  an uncursed scroll of remove curse
  an uncursed potion of extra healing
  4 uncursed potions of water
  an uncursed ring of poison resistance
  an uncursed tooled horn

CyberFan the Monk's attributes:

Background:
 You were a Student of Stones, a level 10 male human Monk.
 You were chaotic, on a mission for Huan Ti
 who was opposed by Shan Lai Ching (lawful) and Chih Sung-tzu (neutral).
 You were right-handed.
 You were in the Dungeons of Doom, on level 11.
 You entered the dungeon 8436 turns ago.
 It was nighttime.
 There was a new moon in effect when your adventure ended.
 You had 6942 experience points, 3058 more were needed to attain level 11.

Basics:
 You had 0 out of 83 hit points.
 You had all 65 energy points (spell power).
 Your armor class was -3.
 Your wallet contained 1860 zorkmids.
 Autopickup was on for '$%?!"=/*' plus thrown, with exceptions.

Final Characteristics:
 Your strength was 18 (limit:18/100).
 Your dexterity was 13 (limit:18).
 Your constitution was 16 (limit:18).
 Your intelligence was 8 (limit:18).
 Your wisdom was 18 (limit:18).
 Your charisma was 8 (limit:18).

Final Status:
 You were engulfed by the ice vortex.
 You weren't hungry.
 You were unencumbered.
 You were empty handed.
 You had expert skill with martial arts and could have enhanced that.

Final Attributes:
 You were piously aligned.
 You were sleep resistant.
 You were poison resistant.
 You saw invisible.
 You were warned.
 You had automatic searching.
 You were invisible to others.
 You were stealthy.
 You were guarded.
 Your spell casting was enhanced by wearing a robe.
 You were very fast.
 You are dead.

Miscellaneous:
 You disabled loading and storing of bones levels.
 Total elapsed playing time was 1 hour, 15 minutes and 34 seconds.

Major events:
 Turn
    1: CyberFan the chaotic male human Monk entered the dungeon
  577: entered the Gnomish Mines
 1171: attained the rank of Novice (level 3)
 2166: reached Mine Town
 2338: attained the rank of Initiate (level 6)
 5082: entered the Bigroom
 6107: entered Sokoban
 6313: completed 1st Sokoban level
 6811: completed 2nd Sokoban level
 7037: completed 3rd Sokoban level
 7616: completed 4th Sokoban level
 7747: attained the rank of Student of Stones (level 10)
 7772: acquired the Sokoban bag of holding
 8436: killed by an ice vortex, while frozen by a floating eye's gaze

Spells:
 Name                 Level Category     Fail Retention
 protection             1   clerical       0%  76%-100%
 haste self             3   escape        46%   51%-75%
 healing                1   healing        0%   81%-90%
 detect monsters        1   divination     0%  76%-100%

Skills:
 Fighting Skills
   martial arts       [Expert]
 Weapon Skills
   quarterstaff       [Unskilled]
   spear              [Unskilled]
   crossbow           [Unskilled]
   shuriken           [Unskilled]
 Spellcasting Skills
   attack spells      [Unskilled]
   healing spells     [Basic]
   divination spells  [Unskilled]
   enchantment spells [Unskilled]
   clerical spells    [Unskilled]
   escape spells      [Unskilled]
   matter spells      [Unskilled]

Voluntary challenges:
 Character rerolling was not enabled.
 You never hit with a wielded weapon.
 You never genocided any monsters.
 You never polymorphed an object.
 You never changed form.
 You used no wishes.
 You did not violate any of the special Sokoban rules.
Achievements:
 You entered a shop.
 You entered the Gnomish Mines.
 You attained the rank of Novice.
 You entered Minetown.
 You entered a temple.
 You attained the rank of Initiate.
 You entered the Big Room.
 You entered Sokoban.
 You attained the rank of Student of Stones.
 You completed Sokoban.

 The Dungeons of Doom: levels 1 to 11
    Level 1:
       Some graves.
    Level 2:
       An armor shop, a fountain.
       Stairs down to The Gnomish Mines.
    Level 3:
       Some altars to Huan Ti.
    Level 4:
       An altar to Huan Ti.
    Level 5:
       A ring shop.
    Level 6:
    Level 7:
       A fountain.
    Level 8:
       A fountain.
    Level 9:
       Many fountains.
    Level 10:
       A very big room.
       Stairs up to Sokoban, level 9.
    Level 11: <- You were here.
       Some fountains.
       Final resting place for
          you, killed by an ice vortex, while frozen by a floating eye's gaze.
 The Gnomish Mines: levels 3 to 6
    Level 3:
    Level 4:
    Level 5:
    Level 6:
       Many shops, a temple and an altar, some fountains, a sink.
 Sokoban: levels 9 up to 6
    Level 6:
       Solved.
    Level 7:
       Solved.
    Level 8:
       Solved.
    Level 9:
       Solved.


Vanquished creatures:
  a giant mimic
  a zruty
  2 large mimics
  a couatl
  2 stalkers
  a fire elemental
  2 wargs
  a small mimic
  a glass piercer
  2 ettin mummies
  a gelatinous cube
  a pyrolisk
  a freezing sphere
  2 flaming spheres
  a shocking sphere
  a tengu
  2 pit vipers
  2 carnivorous apes
  a leather golem
  a soldier
  a crocodile
  2 giant beetles
  a quivering blob
  3 cockatrices
  a wolf
  5 winter wolf cubs
  a lynx
  a gremlin
  3 iron piercers
  3 giant spiders
  2 scorpions
  2 ice vortices
  2 black lights
  3 vampire bats
  a gnome ruler
  2 dwarf mummies
  a brown pudding
  2 owlbears
  2 yetis
  a Green-elf
  2 lizards
  a dog
  a jaguar
  a dwarf leader
  3 white unicorns
  a gray unicorn
  a dust vortex
  a raven
  2 plains centaurs
  3 apes
  a rope golem
  5 fire ants
  a water nymph
  a mountain nymph
  4 Uruk-hai
 an orc shaman
  a rock piercer
  2 rock moles
  2 fog clouds
  a yellow light
  a shrieker
  4 gnome leaders
  2 gnomish wizards
  a barrow wight
  3 elf zombies
  2 giant ants
  a little dog
 11 dwarves
  a kobold leader
  a kobold shaman
 11 hill orcs
  3 rothes
  2 giant bats
  4 monkeys
  a dwarf zombie
  2 wererats
 10 iguanas
 14 killer bees
  3 acid blobs
  4 hobbits
  9 manes
  a hobgoblin
  2 giant rats
  a cave spider
  3 brown molds
  4 yellow molds
  a green mold
 32 gnomes
  2 garter snakes
  a gnome zombie
  5 geckos
  9 jackals
  a fox
  a kobold
  3 goblins
  a sewer rat
  6 grid bugs
  5 lichens
  5 kobold zombies
  6 newts
280 creatures vanquished.

No species were genocided or became extinct.

Game over:
                       ----------
                      /          \
                     /    REST    \
                    /      IN      \
                   /     PEACE      \
                  /                  \
                  |     CyberFan     |
                  |     1860 Au      |
                  | killed by an ice |
                  |      vortex      |
                  |                  |
                  |                  |
                  |       2026       |
                 *|     *  *  *      | *
        _________)/\\_//(\/(/\)/\//\/|_)_______

Goodbye CyberFan the Monk...

You died in The Dungeons of Doom on dungeon level 11 with 29992 points,
and 1860 pieces of gold, after 8436 moves.
You were level 10 with a maximum of 83 hit points when you died.

